AoeStats
← スカムバッグ

Black Forest

507471514Analyzed
4v4 RM · 13d ago on Sep 18, 2026· 26m 14s· 8 players
Game mode
Random Map
Map size
Large (8 player)
Population
200
Speed
Normal
Resources
Standard
Victory
Conquest
Starting age
Dark Age
Ending age
Imperial Age
RankedLock teamsTeams togetherTeam positionsShared explorationLock speedFull tech treeHidden civsTurbo modeCheats
Victory
Defeat
🇦🇷 Italians · Argentina
1126
+13
🇦🇷 Japanese · Argentina
1113
+14
🇨🇳 Romans · China
1097
+14
🇨🇳 Goths · China
1077
+16
🇨🇳 Celts · China
1173
-18
🇨🇳 Teutons · China
1031
-13
🇸🇰 Gurjaras · Slovakia
1028
-13
🇨🇿 Armenians · Czechia
1027
-13
haruka
0:27 Loom
12:48 Feudal Age
13:14 Double-Bit Axe
20:01 Castle Age
18:49 Gold Mining
18:43 Horse Collar
20:59 Bow Saw
23:41 Fletching
25:51 Squires
26:27 Forging
明仔
0:57 Loom
16:28 Feudal Age
17:05 Man-at-Arms
21:39 Castle Age
19:57 Double-Bit Axe
20:42 Arson
ICAC
10:38 Feudal Age
11:16 Loom
15:33 Castle Age
13:54 Double-Bit Axe
14:47 Horse Collar
19:16 Heavy Plow
20:17 Bow Saw
22:40 Stone Mining
22:44 Gold Mining
994327805
8:52 Loom
12:31 Feudal Age
18:15 Castle Age
16:22 Double-Bit Axe
16:20 Horse Collar
16:11 Man-at-Arms
16:57 Scale Mail Armor
17:08 Forging
19:14 Squires
20:34 Long Swordsman
26:01 Chain Mail Armor
27:01 Iron Casting
スカムバッグ
11:11 Feudal Age
16:58 Castle Age
15:28 Double-Bit Axe
15:24 Horse Collar
20:59 Man-at-Arms
24:43 Fletching
26:01 Ballistics
26:03 Bodkin Arrow
Aballion
1:16 Loom
14:35 Feudal Age
17:30 Double-Bit Axe
Sakura
14:13 Feudal Age
19:50 Castle Age
18:50 Double-Bit Axe
19:00 Stone Mining
18:58 Horse Collar
23:10 Wheelbarrow
24:20 Bow Saw
25:09 Gold Mining
26:00 Stone Shaft Mining
25:48 Squires
25:18 Man-at-Arms
QDD
1:49 Loom
13:30 Feudal Age
14:13 Horse Collar
17:47 Castle Age
15:37 Double-Bit Axe
18:51 Heavy Plow
19:04 Bow Saw
20:14 Stone Mining
23:53 Wheelbarrow
23:22 Gold Mining
25:18 Gold Shaft Mining
25:19 Stone Shaft Mining
Connection lost

Rejoining the realm…

Still unreachable

The connection could not be restored.

Session expired

The server has moved on; the page needs a fresh start.